 Dungeon Crawl Stone Soup version 0.21.1-1-g345015f (webtiles) character file.

313 letownia2 the Conjurer (level 6, 0/32 HPs)
             Began as a Tengu Air Elementalist on Mar 4, 2018.
             Was an Initiate of Sif Muna.
             Slain by an iguana (7 damage)
             ... on level 6 of the Dungeon.
             The game lasted 00:07:49 (1046 turns).

letownia2 the Conjurer (Tengu Air Elementalist)     Turns: 1046, Time: 00:07:49

Health: 0/32       AC:  4    Str:  9    XL:     6   Next: 43%
Magic:  5/11       EV: 12    Int: 17    God:    Sif Muna [......]
Gold:   101        SH:  0    Dex: 14    Spells: 6/10 levels left

rFire    . . .     SeeInvis .   a - +1 dagger (venom)
rCold    . . .     Gourm    .   (no shield)
rNeg     . . .     Faith    .   h - +0 leather armour
rPois    .         Spirit   .   (helmet restricted)
rElec    .         Reflect  .   (no cloak)
rCorr    .         Harm     .   d - +0 pair of gloves
MR       .....                  (boots unavailable)
Stlth    ++........             (no amulet)
HPRegen  0.10/turn              (no ring)
MPRegen  0.12/turn              (no ring)

@: no status effects
A: beak, talons 3, able to fly 1
a: Fly, Renounce Religion


You were on level 6 of the Dungeon.
You worshipped Sif Muna.
Sif Muna was noncommittal.
You were hungry.

You visited 1 branch of the dungeon, and saw 6 of its levels.

You collected 101 gold pieces.

Inventory:

Hand Weapons
 a - a +1 dagger of venom (weapon)
 b - a +3 dagger of holy wrath
 o - a +0 hunting sling
 u - a +2 scythe of flaming
Missiles
 q - 10 poisoned needles
 r - 22 sling bullets
Armour
 d - a +0 pair of gloves (worn)
 f - a +0 robe
 h - a +0 leather armour (worn)
Magical Staves
 n - an uncursed staff of energy
Scrolls
 i - a scroll of magic mapping {unknown}
 j - 2 scrolls of enchant weapon {unknown}
 k - 3 scrolls of identify {unknown}
 l - a scroll of fog {unknown}
 m - a scroll of immolation {unknown}
 p - a scroll of remove curse {unknown}
 s - 2 scrolls of enchant armour {unknown}
Books
 g - a book of Air

   Spells                             Type                      Level
   a - Shock                          Conjuration/Air              1
   b - Swiftness                      Charms/Air                   2
   c - Static Discharge               Conjuration/Air              3
   d - Airstrike                      Air                          4
   e - Lightning Bolt                 Conjuration/Air              5
Comestibles
 c - a ration


   Skills:
 - Level 2.1 Dodging
 - Level 2.0 Stealth
 + Level 2.9 Spellcasting
 - Level 7.7 Conjurations
 - Level 4.0 Air Magic


You had 6 spell levels left.
You knew the following spells:

 Your Spells              Type           Power        Failure   Level  Hunger
a - Shock                 Conj/Air       ###.         2%          1    None
d - Static Discharge      Conj/Air       ###.....     7%          3    ###....


Dungeon Overview and Level Annotations

Branches:
Dungeon (6/15)
 Temple: D:4-7

Altars:
Elyvilon
Okawaru
Sif Muna
Wu Jian


Innate Abilities, Weirdness & Mutations

You have a beak for a mouth.
You have claws for feet.
You can fly.


Message History

Okay, then.
Casting: Shock
Confirm with . or Enter, or press ? or * to list all spells.
Aiming: Shock
Press: ? - help, Shift-Dir - straight line, f - iguana
Aim: an iguana (lightly wounded)
The zap hits the iguana.
The iguana is moderately wounded.
Unknown command.
Unknown command.
Casting: Shock
Confirm with . or Enter, or press ? or * to list all spells.
The iguana is struck by lightning.
The iguana is heavily wounded.
The lightning arcs!
You are struck by lightning.
* * * LOW HITPOINT WARNING * * *
The lightning grounds out.
You are feeling hungry.
The iguana bites you!
You die...

#...##.....##..............
.....#......##Y.###..####.##
.##...##.....##..###+### ###
. #...##..(..#.........#
#... #.....#.........# .
#.....##...###†## ##
##+#####...##..# #
...##.....#......... .
........l@+..........
...##.....######...##.
####### #...# ## .....
#.....


You could see an iguana.

Vanquished Creatures
  Sigmund (D:3)
  A bullfrog skeleton (D:4)
  A worker ant (D:6)
  Natasha (D:3)
  The ghost of letownia2 the Conjurer, a weakling TeWz (D:3)
  3 adders
  A worm (D:3)
  A dart slug (D:1)
  An orc (D:2)
  2 giant cockroaches (D:2)
  3 goblins (D:2)
  4 hobgoblins
  2 ball pythons
  4 bats
  A frilled lizard (D:2)
  7 kobolds
  A rat (D:2)
35 creatures vanquished.

Notes
Turn   | Place    | Note
-------+----------+-------------------------------------------
     0 | D:1      | letownia2 the Tengu Air Elementalist began the quest for the Orb.
     0 | D:1      | Reached XP level 1. HP: 10/10 MP: 4/4
   114 | D:1      | Reached skill level 2 in Conjurations
   164 | D:2      | Reached XP level 2. HP: 11/15 MP: 1/6
   225 | D:2      | Reached skill level 3 in Conjurations
   275 | D:2      | Reached XP level 3. HP: 14/19 MP: 3/7
   291 | D:2      | Reached skill level 4 in Conjurations
   345 | D:2      | Learned a level 3 spell: Static Discharge
   488 | D:3      | Noticed Sigmund
   508 | D:3      | Killed Sigmund
   508 | D:3      | Reached skill level 7 in Conjurations
   508 | D:3      | Reached XP level 4. HP: 4/24 MP: 2/8
   508 | D:3      | Gained mutation: You can fly. [Tengu growth]
   508 | D:3      | Reached XP level 5. HP: 5/28 MP: 2/9
   616 | D:3      | Found a white marble altar of Elyvilon.
   616 | D:3      | Noticed letownia2's ghost (weakling TeWz)
   640 | D:3      | HP: 1/28 [letownia2's ghost (4)]
   641 | D:3      | Killed letownia2's ghost
   641 | D:3      | Reached XP level 6. HP: 1/32 MP: 7/10
   729 | D:3      | Found a deep blue altar of Sif Muna.
   734 | D:3      | Became a worshipper of Sif Muna the Loreminder
   775 | D:3      | Found an iron altar of Okawaru.
   775 | D:3      | Noticed Natasha
   836 | D:3      | Killed Natasha
   932 | D:5      | Entered Level 5 of the Dungeon
   971 | D:6      | Found an ornate altar of the Wu Jian Council.
  1006 | D:6      | HP: 1/32 [poisoned by a worker ant]
  1013 | D:6      | Noticed an ice beast
  1046 | D:6      | Slain by an iguana

Skill      XL: |  1  2  3 |
---------------+----------+-----
Conjurations   | 2 3 7 |  7.7
Dodging        | |  2.1
Stealth        | |  2.0
Spellcasting   | |  2.9
Air Magic      | |  4.0

Action                   |  1- 3 |  4- 6 || total
-------------------------+-------+-------++-------
Melee: Dagger            |    30 |    11 ||    41
       Peck              |     7 |     1 ||     8
       Kick              |     2 |     2 ||     4
 Cast: Shock             |    32 |    29 ||    61
       Static Discharge  |       |     2 ||     2
  Use: Potion            |       |     2 ||     2
  Eat: Chunk             |       |     1 ||     1
Armor: Robe              |     1 |       ||     1
       Leather armour    |     6 |     2 ||     8
Dodge: Dodged            |    32 |     5 ||    37
